 Dungeon Crawl Stone Soup version 0.28.0 (webtiles) character file.

Game seed: 2261808840183255306

30 Flippered the Covered (level 3, 0/28 HPs)
             Began as a Gnoll Wanderer on Feb 18, 2022.
             Slain by a gnoll (2 damage)
             ... on level 1 of the Dungeon.
             The game lasted 00:03:27 (1386 turns).

Flippered the Covered (Gnoll Wanderer)              Turns: 1386, Time: 00:03:27

Health: 0/28       AC:  7    Str: 11    XL:     3   Next: 20%
Magic:  9/9        EV:  9    Int: 12    God:
Gold:   29         SH:  0    Dex: 12    Spells: 11/12 levels left

rFire   . . .      SeeInvis .   a - +0 mace (pain)
rCold   . . .      Faith    .   (no shield)
rNeg    . . .      Spirit   .   c - +0 scale mail
rPois   .          Reflect  .   (no helmet)
rElec   .          Harm     .   (no cloak)
rCorr   .          Rampage  .   (no gloves)
Will    .....                   (no boots)
Stlth   ..........              (no amulet)
HPRegen 0.09/turn               (no ring)
MPRegen 0.11/turn               (no ring)

@: no status effects
A: fangs 1, strong nose, distributed training
a: no special abilities


You were on level 1 of the Dungeon.
You visited 1 branch of the dungeon, and saw 2 of its levels.

You collected 29 gold pieces.

Inventory:

Hand Weapons
 a - a +0 mace of pain (weapon)
 b - a +0 vorpal shortbow
Missiles
 f - 42 arrows
 i - a throwing net
Armour
 c - a +0 scale mail (worn)
Scrolls
 g - a scroll of noise {unknown}
 h - a scroll of identify {unknown}
Potions
 d - 6 potions of heal wounds
 e - a potion of degeneration {unknown}


   Skills:
 + Level 2.5 Fighting
 + Level 0.6 Short Blades
 + Level 0.6 Long Blades
 + Level 0.6 Axes
 + Level 0.6 Maces & Flails
 + Level 0.6 Polearms
 + Level 0.6 Staves
 + Level 0.6 Slings
 + Level 6.5 Bows
 + Level 0.6 Crossbows
 + Level 0.6 Throwing
 + Level 6.5 Armour
 + Level 0.6 Dodging
 + Level 0.6 Stealth
 + Level 0.6 Shields
 + Level 0.6 Unarmed Combat
 + Level 5.0 Spellcasting
 + Level 0.4 Conjurations
 + Level 0.4 Hexes
 + Level 0.4 Summonings
 + Level 0.4 Necromancy
 + Level 0.4 Translocations
 + Level 0.4 Transmutations
 + Level 0.4 Fire Magic
 + Level 2.1 Ice Magic
 + Level 0.4 Air Magic
 + Level 0.4 Earth Magic
 + Level 0.4 Poison Magic
 + Level 0.8 Invocations
 + Level 0.6 Evocations


You had 11 spell levels left.
You knew the following spells:

 Your Spells              Type           Power      Damage    Failure   Level
a - Freeze                Ice            32%        1d5       38%         1

Your spell library contained the following spells:

 Spells                   Type           Power      Damage    Failure   Level
 Frozen Ramparts          Ice            16%        1d3       77%         3


Dungeon Overview and Level Annotations

Branches:
Dungeon (2/15)

Altars:


Innate Abilities, Weirdness & Mutations

You have very sharp teeth.
Your uncanny sense of smell can sniff out nearby items.
Your experience applies equally to all skills.


Message History

The gnoll is heavily wounded.
The gnoll hits you but does no damage. The gnoll hits you with a +0 whip.
You are too injured to fight recklessly!
You are too injured to fight recklessly!
The gnoll hits you with a +0 spear.
* * * LOW HITPOINT WARNING * * *
The gnoll hits you with a +0 whip.
* * * LOW HITPOINT WARNING * * *
You climb upwards.
There is a stone staircase leading down here.
The gnoll closely misses you.
You are too injured to fight recklessly!
Fire: 43 arrows
Press: ? - help, Q - select action, (/) - cycle Shift-Dir - straight line, f - gnoll
Aim: a gnoll, wielding a +0 whip (65% to hit)
You shoot an arrow. The arrow barely misses the gnoll.
The arrow hits the gnoll.
The gnoll is heavily wounded.
The gnoll hits you with a +0 whip.
* * * LOW HITPOINT WARNING * * *
It was a potion of heal wounds.
You feel much better.
The gnoll hits you from afar with a +0 spear.
The gnoll hits you with a +0 whip.
You have a feeling of ineptitude.
a - a +0 mace of pain (weapon)
The gnoll hits you but does no damage.
You barely miss the gnoll.
The gnoll hits you but does no damage. x2
The gnoll hits you with a +0 whip.
You closely miss the gnoll. Your bite misses the gnoll.
The gnoll hits you from afar with a +0 spear.
The gnoll hits you with a +0 whip.
You hit the gnoll but do no damage. The gnoll hits you but does no damage.
The gnoll hits you with a +0 whip.
* * * LOW HITPOINT WARNING * * *
The gnoll hits you but does no damage.
You barely miss the gnoll. The gnoll hits you but does no damage.
The gnoll hits you from afar with a +0 spear.
* * * LOW HITPOINT WARNING * * *
The gnoll hits you with a +0 whip.
You die...

##### #...# #...# #####
###########...###....
#...@gg(............. ######
#.######>.........### #....#
#.# #.........## #.##[# #.#
###....###### #.##.#
#.########.........# #.##.#
#.##....(.....####.# #.##.#
##..........#.#####.##
#.##.####...#..###..#.........
#.##.....[.......##.......#.##


You could see 2 gnolls.

Vanquished Creatures
  2 ball pythons (D:1)
  3 endoplasms (D:1)
  A goblin (D:1)
  3 hobgoblins
  5 jackals (D:1)
  2 kobolds
  A quokka (D:1)
  2 bats (D:1)
  6 frilled lizards
  2 rats (D:1)
27 creatures vanquished.

Notes
Turn   | Place    | Note
-------+----------+-------------------------------------------
     0 | D:1      | Flippered the Gnoll Wanderer began the quest for the Orb.
     0 | D:1      | Flippered set off with the following items: a +0 vorpal
                  | shortbow, 26 arrows, a +0 scale mail; and the following
                  | spell memorised: Freeze; and the following spells available
                  | to memorise: Frozen Ramparts
     0 | D:1      | Reached XP level 1. HP: 17/17 MP: 6/6
   160 | D:1      | Reached XP level 2. HP: 23/23 MP: 7/7
   806 | D:1      | Reached XP level 3. HP: 28/28 MP: 9/9
   822 | D:1      | Reached skill level 5 in Spellcasting
  1386 | D:1      | Slain by a gnoll

Illustrated notes

Levels and vault maps discovered:
D:1:      amcnicky_arrival_double_pillar, layout_loops_ring,
          hangedman_decor_lopped
D:2:      layout_loops_ring

Skill      XL: |  1  2  3 |
---------------+----------+-----
Ice Magic      | 2 |  2.1
Spellcasting   | 5 |  5.0
Fighting       | |  2.5
Short Blades   | |  0.6
Long Blades    | |  0.6
Axes           | |  0.6
Maces & Flails | |  0.6
Polearms       | |  0.6
Staves         | |  0.6
Slings         | |  0.6
Bows           | |  6.5
Crossbows      | |  0.6
Throwing       | |  0.6
Armour         | |  6.5
Dodging        | |  0.6
Stealth        | |  0.6
Shields        | |  0.6
Unarmed Combat | |  0.6
Conjurations   | |  0.4
Hexes          | |  0.4
Summonings     | |  0.4
Necromancy     | |  0.4
Translocations | |  0.4
Transmutations | |  0.4
Fire Magic     | |  0.4
Air Magic      | |  0.4
Earth Magic    | |  0.4
Poison Magic   | |  0.4
Invocations    | |  0.8
Evocations     | |  0.6

Action                   || total
-------------------------++-------
Melee: Unarmed           ||     5
       Club              ||     4
       Spear             ||    37
       Mace              ||    33
       Bite              ||     7
       Punch             ||     1
 Fire: Shortbow          ||    14
 Cast: Freeze            ||     5
  Use: Potion            ||     1
Armor: Scale mail        ||    44
Dodge: Dodged            ||    38
